 Dungeon Crawl Stone Soup version 0.25-a0-842-g81a31cfd23 (webtiles) character file.

Game seed: 16707450937396549373, levelgen mode: deterministic

263 Error4North the Chopper (level 6, -3/53 HPs)
             Began as a Hill Orc Fighter on Apr 24, 2020.
             Shot with an arrow by a centaur (11 damage)
             ... on level 7 of the Dungeon.
             The game lasted 00:11:33 (3667 turns).

Error4North the Chopper (Hill Orc Fighter)          Turns: 3667, Time: 00:11:34

Health: -3/53      AC:  8    Str: 21    XL:     6   Next: 19%
Magic:  6/6        EV:  7    Int:  8    God:
Gold:   206        SH:  9    Dex: 10    Spells: 5/5 levels left

rFire    . . .     SeeInvis .   a - +0 war axe
rCold    + + .     Gourm    .   c - +0 kite shield
rNeg     . . .     Faith    .   b - +0 scale mail
rPois    .         Spirit   .   s - +0 helmet
rElec    .         Reflect  .   (no cloak)
rCorr    .         Harm     .   (no gloves)
MR       .....                  (no boots)
Stlth    ..........             (no amulet)
HPRegen  0.17/turn              e - ring of protection from cold
MPRegen  0.10/turn              r - ring of protection from cold

@: no status effects
A: claws 1, subdued magic 1
a: no special abilities


You were on level 7 of the Dungeon.
You were not hungry.

You visited 1 branch of the dungeon, and saw 5 of its levels.

You collected 206 gold pieces.

Inventory:

Hand Weapons
 a - a +0 war axe (weapon)
 t - a +1 mace of protection
Missiles
 h - 7 silver javelins (quivered)
Armour
 b - a +0 scale mail (worn)
 c - a +0 kite shield (worn)
 s - a +0 helmet (worn)
Jewellery
 e - a ring of protection from cold (left claw)
 r - a ring of protection from cold (right claw)
Scrolls
 i - 4 scrolls of remove curse {unknown}
 k - 2 scrolls of immolation
 l - a scroll of blinking {unknown}
 m - 3 scrolls of amnesia {unknown}
 n - a scroll of fog {unknown}
 o - 3 scrolls of teleportation {unknown}
 p - a scroll of random uselessness {unknown}
 q - 2 scrolls of magic mapping {unknown}
 u - a scroll of identify
Potions
 d - a potion of might
 j - a potion of flight {unknown}
Comestibles
 f - 4 rations
 g - 2 chunks of flesh


   Skills:
 * Level 4.7 Fighting
 + Level 4.8 Axes
 * Level 4.7 Armour
 + Level 0.4 Dodging
 + Level 0.1 Stealth
 * Level 4.6 Shields


You had 5 spell levels left.
You didn't know any spells.
Your spell library was empty.

Dungeon Overview and Level Annotations

Branches:
Dungeon (4/15)
 Temple: D:4-7

Altars:
Fedhas
Nemelex Xobeh
Qazlal
Ru
Sif Muna
Trog
Xom

Shops:
D:7 (

Annotations:
D:3 1 runed translucent door, bmj180's ghost, amateur DrCj
D:7 Joseph


Innate Abilities, Weirdness & Mutations

You have sharp fingernails.
Your spells are a little easier to cast, but a little less powerful.


Message History

Found a ruby potion.
Found a ring of protection from cold.
An adder comes into view.
The adder hisses angrily.
A centaur comes into view.
The adder moves out of view.
Found Haucah Ugruf's Weapon Shop.
The centaur wields a +0 shortbow.
The centaur shoots an arrow.
The arrow barely misses you. The adder completely misses you.
The centaur shoots an arrow.
The arrow hits you.
* * * LOW HITPOINT WARNING * * *
The adder barely misses you.
The centaur shoots an arrow.
You block the arrow.
The centaur shoots an arrow.
The arrow hits you but does no damage.
You see here 2 arrows.
You open the door. The adder bites you but does no damage.
The centaur shoots an arrow.
You block the arrow.
The centaur shoots an arrow.
The arrow hits you!
You die...

#############
...(@.(((.(.#
!.#......##.# .
#....!##.@#####
#....##.......###
#...##......S(@.#
#..##.........#.#
#.##..=.....c.#.#
###......###.....
#...... #......
####### .....∩..
#####+####


You could see Joseph, a centaur and an adder.

Vanquished Creatures
  2 hounds
  Crazy Yiuf (D:3)
  Robin (D:3)
  5 adders
  2 worms (D:2)
  A dart slug (D:1)
  6 leopard geckos
  11 orcs
  7 bats
  4 giant cockroaches
  12 goblins
  13 hobgoblins
  3 jackals (D:3)
  A quokka (D:4)
  2 ball pythons
  A frilled lizard (D:3)
  9 kobolds
  9 rats
90 creatures vanquished.

Notes
Turn   | Place    | Note
-------+----------+-------------------------------------------
     0 | D:1      | Error4North the Hill Orc Fighter began the quest for the
                  | Orb.
     0 | D:1      | Reached XP level 1. HP: 19/19 MP: 1/1
   168 | D:1      | Reached XP level 2. HP: 26/27 MP: 2/2
   756 | D:1      | Reached XP level 3. HP: 33/33 MP: 3/3
  1370 | D:2      | Reached XP level 4. HP: 40/40 MP: 4/4
  1468 | D:2      | Found a sparkling altar of Nemelex Xobeh.
  1610 | D:2      | Found a shimmering altar of Xom.
  1612 | D:2      | Found a shimmering altar of Xom.
  1612 | D:2      | Found a sacrificial altar of Ru.
  1614 | D:2      | Found a shimmering blue altar of Sif Muna.
  1614 | D:2      | Found a bloodstained altar of Trog.
  1614 | D:2      | Found a blossoming altar of Fedhas.
  1883 | D:2      | HP: 2/40 [hound (1)]
  1884 | D:2      | Gained mutation: Your spells are a little easier to cast,
                  | but a little less powerful. [potion of mutation]
  1884 | D:2      | Gained mutation: You have sharp fingernails. [potion of
                  | mutation]
  2363 | D:3      | Found a runed translucent door.
  2365 | D:3      | Noticed bmj180's ghost (amateur DrCj)
  2476 | D:3      | Reached XP level 5. HP: 43/47 MP: 5/5
  2957 | D:3      | Noticed Robin
  2973 | D:3      | Killed Robin
  3101 | D:3      | Found a runed translucent door.
  3102 | D:3      | Noticed Crazy Yiuf
  3483 | D:3      | Killed Crazy Yiuf
  3578 | D:4      | Reached XP level 6. HP: 52/53 MP: 6/6
  3612 | D:4      | Found a stormy altar of Qazlal.
  3646 | D:4      | You fall into a shaft and drop 3 floors!
  3648 | D:7      | Noticed Joseph
  3659 | D:7      | Found Haucah Ugruf's Weapon Shop.
  3667 | D:7      | Shot with an arrow by a centaur

Levels and vault maps discovered:
D:1:      minmay_arrival_stone_box, layout_basic, st_stairs_5
D:2:      layout_basic, doesnt_xom_only_xom, nemelex_xobeh_ov_fountains_minmay,
          hangedman_abyss_or_decor_stabs, hex_large
D:3:      layout_loops_ring, serial_rivers, chequers_serial_rivers_marsh,
          chequers_serial_rivers_small_a, chequers_serial_rivers_micro_a,
          chequers_serial_rivers_large_a, ebering_ghost_inner_flame,
          minmay_diced_spiral, uniq_robin, uniq_crazy_yiuf_cottage
D:4:      corexii_shantytown, layout_loops_ring, lemuel_doored_altar,
          zin_treasury, nicolae_ru_great_annihilating_truth,
          nicolae_overflow_crystal_walls, first_ration, serial_bayou
D:7:      layout_basic, okawaru_ov_weapons_minmay, nicolae_ashenzari_panopticon,
          minmay_temple_entry_arrows, serial_shops, shop, grunt_livestock,
          uniq_joseph

Skill      XL: |  1  2  3  4  5 |
---------------+----------------+-----
Fighting       | 4 |  4.7
Axes           | 3 4 |  4.8
Shields        | 4 |  4.6
Armour         | 4 |  4.7
Dodging        | |  0.4
Stealth        | |  0.1

Action                   |  1- 3 |  4- 6 || total
-------------------------+-------+-------++-------
Melee: War axe           |   119 |   213 ||   332
  Use: Potion            |       |     3 ||     3
       Scroll            |       |     4 ||     4
  Eat: Chunk             |     2 |     5 ||     7
       Ration            |       |     1 ||     1
Armor: Scale mail        |    62 |   108 ||   170
Dodge: Dodged            |    49 |   101 ||   150
Block: Kite shield       |    75 |   134 ||   209

Table legend:
 A = Non-vault XP
 B = Vault XP
 C = Vault XP percentage of total XP
 D = Non-vault monster count
 E = Vault monster count
 F = Vault count percentage of total count
                 A         B        C        D         E       F
            +---------+---------+-------+---------+---------+-------
      Total |     294 |      82 |  21.8 |      75 |      15 |  16.7
            +---------+---------+-------+---------+---------+-------
        D:1 |      31 |       4 |  11.4 |      18 |       2 |  10.0
        D:2 |     104 |       0 |   0.0 |      19 |       0 |   0.0
        D:3 |     100 |      78 |  43.8 |      31 |      13 |  29.5
        D:4 |      59 |       0 |   0.0 |       7 |       0 |   0.0
            +---------+---------+-------+---------+---------+-------
